AoeStats
← 13645570128

Golden Pit

509865183Analyzed
1v1 RM · 4d ago on Sep 28, 2026· 87m 29s· 2 players
Game mode
Random Map
Map size
Tiny (2 player)
Population
200
Speed
Normal
Resources
Standard
Victory
Conquest
Starting age
Dark Age
Ending age
Imperial Age
RankedLock teamsTeams togetherTeam positionsShared explorationLock speedFull tech treeHidden civsTurbo modeCheats
Victory
Defeat
🇭🇰 Mongols · Hong Kong SAR China
552
+29
🇫🇷 Poles · France
601
-18
13645570128
11:49 Feudal Age
12:59 Double-Bit Axe
13:38 Gold Mining
19:59 Castle Age
20:31 Bloodlines
25:46 Forging
26:30 Bow Saw
28:06 Gold Shaft Mining
28:09 Husbandry
29:16 Stone Mining
31:45 Horse Collar
33:02 Stone Shaft Mining
33:50 Heavy Plow
38:37 Imperial Age
38:14 Pikeman
39:33 Wheelbarrow
42:57 Chemistry
42:21 Conscription
46:50 Town Watch
49:00 Hand Cart
49:28 Town Patrol
50:40 Loom
50:27 Elite Steppe Lancer
53:05 Iron Casting
52:20 Fletching
54:14 Ballistics
57:10 Squires
57:49 Siege Engineers
60:33 Elite Mangudai
61:58 Drill
63:08 Thumb Ring
64:14 Nomads
65:21 Hoardings
65:49 Blast Furnace
68:29 Murder Holes
68:19 Sappers
69:34 Parthian Tactics
68:56 Arson
69:16 Padded Archer Armor
71:59 Heavy Cavalry Archer
75:24 Capped Ram
77:00 Siege Ram
85:07 Bodkin Arrow
86:10 Fortified Wall
Akéron
6:01 Loom
9:09 Feudal Age
9:53 Double-Bit Axe
10:33 Horse Collar
21:37 Castle Age
20:06 Scale Barding Armor
22:28 Husbandry
22:53 Chain Barding Armor
23:11 Bow Saw
23:04 Heavy Plow
22:59 Stone Mining
23:54 Elite Skirmisher
29:15 Fletching
29:27 Padded Archer Armor
29:28 Gold Mining
30:14 Stone Shaft Mining
30:20 Stone Shaft Mining
30:07 Bodkin Arrow
33:46 Leather Archer Armor
33:40 Thumb Ring
34:21 Light Cavalry
37:09 Szlachta Privileges
38:24 Wheelbarrow
43:55 Imperial Age
45:11 Cavalier
50:21 Onager
70:04 Town Watch
Connection lost

Rejoining the realm…

Still unreachable

The connection could not be restored.

Session expired

The server has moved on; the page needs a fresh start.